 Dungeon Crawl Stone Soup version 0.23.2-33-g5129a83184 (webtiles) character file.

Game seed: 6143747954222578332

16302 Felnil the Warrior (level 12, -23/132 HPs)
             Began as a Hill Orc Fighter on Aug 12, 2019.
             Was an Elder of Ru.
             Annihilated by a titanic slime creature (62 damage)
             ... on level 11 of the Dungeon.
             The game lasted 00:50:08 (13084 turns).

Felnil the Warrior (Hill Orc Fighter)              Turns: 13084, Time: 00:50:08

Health: -23/132    AC: 13    Str: 24    XL:     12   Next: 36%
Magic:  12/12      EV:  2    Int:  8    God:    Ru [****..]
Gold:   830        SH: 18    Dex: 10    Spells: 11/11 levels left

rFire    . . .     SeeInvis +   r - +3 war axe (elec)
rCold    . . .     Gourm    .   m - +4 large shield
rNeg     . . .     Faith    .   n - +0 plate armour {rF+}
rPois    +         Spirit   .   G - +2 hat {SInv}
rElec    .         Reflect  .   (no cloak)
rCorr    .         Harm     .   (no gloves)
MR       .....                  (no boots)
Stlth    ..........             (no amulet)
HPRegen  0.32/turn              c - ring of protection from cold
MPRegen  0.13/turn              x - ring of poison resistance

@: lightly drained
A: unskilled 1, temperature sensitive
a: Draw Out Power, Power Leap, Renounce Religion


You were on level 11 of the Dungeon.
You worshipped Ru.
Ru was greatly pleased with you.
You were hungry.

You visited 2 branches of the dungeon, and saw 12 of its levels.

You collected 912 gold pieces.
You spent 82 gold pieces at shops.

Inventory:

Hand Weapons
 a - a +2 war axe
 r - a +3 war axe of electrocution (weapon)
 y - a +3 hand axe
 B - a +0 arbalest of velocity
 C - a +0 dagger of chaos
Armour
 m - a +4 large shield (worn)
 n - a +0 plate armour of fire resistance (worn)
 G - a +2 hat of see invisible (worn)
Jewellery
 c - a ring of protection from cold (left hand)
 k - an uncursed ring of protection from magic
 p - an uncursed ring of ice
 w - an uncursed ring of fire
 x - a ring of poison resistance (right hand)
 z - an uncursed ring of fire
Wands
 t - a wand of polymorph (3)
 D - a wand of iceblast (8)
 E - a wand of clouds (3)
 F - a wand of flame (16)
Scrolls
 e - 2 scrolls of fog
 g - 2 scrolls of identify
 h - 7 scrolls of amnesia
 i - 8 scrolls of teleportation
 o - 5 scrolls of remove curse
 v - a scroll of blinking
Potions
 b - a potion of berserk rage
 d - 2 potions of might
 j - a potion of lignification
 l - 3 potions of flight
 q - 3 potions of ambrosia
 A - a potion of brilliance
Comestibles
 f - 16 rations


   Skills:
 + Level 19.8(19.5) Fighting
 - Level 2.4(2.2) Axes
 - Level 3.0(2.7) Armour
 - Level 3.0(2.7) Shields


You had 11 spell levels left.
You didn't know any spells.
Your spell library contained the following spells:

 Spells                   Type           Power        Failure   Level  Hunger
 Animate Skeleton         Necr           N/A          100%        1    ##.....
 Pain                     Necr           #...         100%        1    ##.....
 Regeneration             Chrm/Necr      #.........   100%        3    ####...
 Vampiric Draining        Necr           #.........   100%        3    ####...
 Animate Dead             Necr           N/A          100%        4    #####..


Dungeon Overview and Level Annotations

Branches:
Dungeon (11/15)            Temple (1/1) D:6            Lair (0/6) D:11
    Orc: D:9-12

Altars:
Ashenzari
Cheibriados
Dithmenos
Elyvilon
Fedhas
Gozag
Hepliaklqana
Makhleb
Nemelex Xobeh
Ru
Trog
Uskayaw
Xom
Yredelemnul
Zin

Shops:
D:10 **(?*[

Annotations:
D:11 4 runed translucent doors, FishyPogo's ghost, journeyman GrFE


Innate Abilities, Weirdness & Mutations

You are somewhat unskilled. (-1 Apt)
You are sensitive to extremes of temperature. (rF-, rC-)


Message History

The earth elemental disappears in a puff of smoke! x2
A large slime creature splits.
You block the enormous slime creature's attack.
You slice the enormous slime creature!!
The enormous slime creature is moderately wounded.
You redirect the enormous slime creature's attack!
The enormous slime creature hits itself!!!!
You block the enormous slime creature's attack.
You slice the enormous slime creature!!
The enormous slime creature is severely wounded.
You block the enormous slime creature's attack.
Your shield and plate armour prevent you from hitting the enormous slime creature.
The enormous slime creature is severely wounded.
Two slime creatures merge to form a titanic slime creature.
You slash the titanic slime creature!
The titanic slime creature is heavily wounded.
The titanic slime creature hits you!!!
* * * LOW HITPOINT WARNING * * *
You feel better. The titanic slime creature hits you!!!
You die...

.............#####...............
.................................
.................................
...........................(((.(.
################################'
...#...#....#.....#....#.......#
....# #.....##...##....#.###...#
...#.. #.....#...#..#..#...#.##.
....#.#..##..##@##..#..#####....
#..#..J###....#J#..###.......###
....#.#.#..#..#J#..#.#.......#..
.#..J..#..##..°§☼.##.##....#.)..
....#.#..##...○○§.#...#....###..
#.....##..##...###.###..######
.......##..##...................
#################################
.................................


You could see a titanic slime creature and a slime creature.

Vanquished Creatures
  3 hydras (D:11)
  2 two-headed ogres (D:11)
  3 skeletal warriors
  A deep elf archer (D:11)
  2 deep elf magi (D:11)
  A cyclops (D:11)
  A manticore (D:11)
  2 ugly things (D:11)
  Psyche (D:8)
  A torpor snail (shapeshifter) (D:11)
  Joseph (D:9)
  A gargoyle (D:11)
  2 komodo dragons
  A kobold demonologist (D:11)
  Prince Ribbit (D:5)
  3 hippogriffs
  A wyvern (D:11)
  3 hogs (D:10)
  6 yaks
  A human (D:10)
  A vampire mosquito (D:11)
  Menkaure (D:5)
  An acid dragon (D:11)
  2 water moccasins (D:11)
  6 orc warriors
  3 ice beasts
  2 necrophages
  2 sky beasts (D:6)
  An eye of draining (D:11)
  4 ogres
  A centaur (D:7)
  A crocodile (D:8)
  Blork the orc (D:5)
  A big kobold (D:10)
  2 bullfrogs (D:8)
  A gnoll sergeant (D:9)
  2 scorpions
  A hornet simulacrum (D:11)
  4 killer bees (D:6)
  10 wights (D:11)
  3 howler monkeys (D:9)
  5 crimson imps
  A quasit (D:10)
  3 bullfrog skeletons
  A centaur zombie (D:11)
  6 hounds
  2 jellies
  8 orc wizards
  5 orc priests
  A centaur skeleton (D:8)
  2 iguanas
  Ijyb (D:5)
  8 worker ants
  A hound zombie (D:9)
  2 worker ant zombies
  A howler monkey skeleton (D:8)
  4 adders
  7 gnolls
  5 shadow imps
  2 oozes
  An adder skeleton (D:7)
  2 worms (D:3)
  3 dart slugs
  4 leopard geckos
  31 orcs
  A ball python (D:1)
  8 bats
  A giant cockroach (D:1)
  2 goblins
  9 hobgoblins
  4 jackals
  5 quokkas
  4 frilled lizards
  A jackal skeleton (D:5)
  A jackal zombie (D:5)
  15 kobolds
  A quokka skeleton (D:6)
  A quokka zombie (D:8)
  9 rats
  3 fungi (D:1)
  5 plants (D:11)
263 creatures vanquished.

Vanquished Creatures (others)
  A troll (D:11)
  A centaur (D:11)
  A bullfrog (D:9)
  An orc (D:10)
  2 plants (D:11)
  3 toadstools (D:1)
9 creatures vanquished.

Grand Total: 272 creatures vanquished

Notes
Turn   | Place    | Note
-------+----------+-------------------------------------------
     0 | D:1      | Felnil the Hill Orc Fighter began the quest for the Orb.
     0 | D:1      | Reached XP level 1. HP: 19/19 MP: 1/1
    22 | D:1      | Reached skill level 4 in Fighting
    63 | D:1      | Reached XP level 2. HP: 27/27 MP: 2/2
   435 | D:1      | Reached XP level 3. HP: 34/35 MP: 3/3
   515 | D:1      | Reached skill level 5 in Fighting
  1376 | D:2      | Reached XP level 4. HP: 44/44 MP: 4/4
  1506 | D:3      | Reached skill level 6 in Fighting
  1792 | D:3      | Reached skill level 7 in Fighting
  1792 | D:3      | Reached XP level 5. HP: 38/52 MP: 5/5
  2444 | D:4      | Found an opulent altar of Gozag.
  2492 | D:4      | Reached XP level 6. HP: 61/61 MP: 6/6
  2546 | D:4      | Reached skill level 8 in Fighting
  2889 | D:5      | Entered Level 5 of the Dungeon
  2945 | D:5      | Reached skill level 9 in Fighting
  2949 | D:5      | Reached XP level 7. HP: 41/70 MP: 7/7
  3206 | D:5      | Noticed Prince Ribbit
  3239 | D:5      | Noticed Blork the orc
  3250 | D:5      | Killed Blork the orc
  3388 | D:5      | Noticed Ijyb
  3394 | D:5      | Killed Ijyb
  3501 | D:5      | Killed Prince Ribbit
  3501 | D:5      | Reached skill level 10 in Fighting
  3561 | D:5      | Noticed Menkaure
  3572 | D:5      | Killed Menkaure
  3572 | D:5      | Reached skill level 11 in Fighting
  3572 | D:5      | Reached XP level 8. HP: 26/82 MP: 8/8
  4150 | D:6      | Found a bloodstained altar of Trog.
  4150 | D:6      | Found a sparkling altar of Nemelex Xobeh.
  4279 | D:6      | Reached skill level 12 in Fighting
  4701 | D:6      | Found a staircase to the Ecumenical Temple.
  4710 | Temple   | Entered the Ecumenical Temple
  4771 | Temple   | Became a worshipper of Ru the Awakened
  5140 | D:6      | Reached skill level 13 in Fighting
  5238 | D:6      | Reached XP level 9. HP: 65/93 MP: 9/9
  5664 | D:7      | Found a hide-covered altar of Uskayaw.
  5782 | D:7      | Reached skill level 14 in Fighting
  6737 | D:8      | Reached skill level 15 in Fighting
  7029 | D:8      | Gained mutation: You are sensitive to extremes of
                  | temperature. (rF-, rC-) [Ru sacrifice]
  7029 | D:8      | Reached * piety under Ru
  7029 | D:8      | Reached ** piety under Ru
  7083 | D:8      | Found a shimmering altar of Xom.
  7179 | D:8      | Noticed Psyche
  7191 | D:8      | Killed Psyche
  7191 | D:8      | Reached XP level 10. HP: 57/107 MP: 10/10
  7423 | D:8      | Found a burning altar of Makhleb.
  7424 | D:8      | Found a blossoming altar of Fedhas.
  7715 | D:9      | Reached skill level 16 in Fighting
  7860 | D:9      | Noticed Joseph
  7872 | D:9      | Killed Joseph
  8110 | D:9      | Found a basalt altar of Yredelemnul.
  8295 | D:10     | Entered Level 10 of the Dungeon
  8295 | D:10     | Found Toaloun's Assorted Antiques.
  8325 | D:10     | Found Kytah's Weapon Shoppe.
  8407 | D:10     | Reached skill level 17 in Fighting
  8499 | D:10     | Found Obaenkus's Magic Scroll Shop.
  8510 | D:10     | Bought a scroll of enchant weapon for 82 gold pieces
  8567 | D:10     | Found Pesul's Armour Boutique.
  8612 | D:10     | Found a white marble altar of Elyvilon.
  8851 | D:10     | Found Yjorghiy's General Store.
  9067 | D:10     | Gained mutation: You are somewhat unskilled. (-1 Apt) [Ru
                  | sacrifice]
  9067 | D:10     | Reduced skill Fighting to level 16
  9067 | D:10     | Reached *** piety under Ru
  9067 | D:10     | Reached **** piety under Ru
  9339 | D:10     | Found Dokh's Lightly-Used Armoury.
  9454 | D:11     | Found a glowing silver altar of Zin.
  9466 | D:11     | Noticed a skeletal warrior
  9467 | D:11     | Noticed a skeletal warrior
  9467 | D:11     | Noticed a skeletal warrior
  9485 | D:10     | Killed a skeletal warrior
  9485 | D:10     | Reached skill level 17 in Fighting
  9485 | D:10     | Reached XP level 11. HP: 102/117 MP: 11/11
  9496 | D:11     | Killed a skeletal warrior
  9503 | D:11     | HP: 2/117 [skeletal warrior/+0 short sword[a skeletal
                  | warrior] (11)]
  9515 | D:11     | Noticed a four-headed hydra
  9522 | D:10     | Killed a skeletal warrior
  9818 | D:11     | Killed a seven-headed hydra
 10106 | D:11     | Found a staircase to the Lair.
 10232 | D:11     | Noticed a two-headed ogre
 10237 | D:11     | Reached skill level 18 in Fighting
 10251 | D:11     | Noticed a four-headed hydra
 10281 | D:11     | Killed a two-headed ogre
 10294 | D:11     | Killed a seven-headed hydra
 10374 | D:11     | Noticed a cyclops
 10622 | D:11     | Killed a cyclops
 10630 | D:11     | Found a shadowy altar of Dithmenos.
 10647 | D:11     | Noticed a deep elf archer
 10669 | D:11     | Killed a deep elf archer
 10960 | D:11     | Found a runed translucent gate.
 10961 | D:11     | Found a runed translucent gate.
 10961 | D:11     | Found a runed translucent gate.
 10963 | D:11     | Noticed a cyclops
 10965 | D:11     | Noticed an eight-headed hydra
 10965 | D:11     | Noticed FishyPogo's ghost (journeyman GrFE)
 10965 | D:11     | Noticed a cyan ugly thing
 11063 | D:11     | Noticed a salamander
 11064 | D:11     | Noticed a death drake
 11064 | D:11     | a salamander changed into a death drake
 11072 | D:11     | Noticed a two-headed ogre
 11072 | D:11     | a death drake changed into a two-headed ogre
 11086 | D:11     | Noticed a mana viper
 11086 | D:11     | a two-headed ogre changed into a mana viper
 11090 | D:11     | a mana viper changed into a torpor snail
 11097 | D:11     | Reached skill level 19 in Fighting
 11110 | D:11     | Noticed a red ugly thing
 11402 | D:11     | Killed a red ugly thing
 11402 | D:11     | Reached XP level 12. HP: 90/129 MP: 12/12
 11449 | D:11     | Found a runed translucent door.
 11454 | D:11     | Found a runed translucent door.
 11454 | D:11     | Noticed a two-headed ogre
 11611 | D:11     | Found a runed translucent door.
 11636 | D:11     | Killed a two-headed ogre
 12202 | D:11     | Noticed a six-headed hydra
 12213 | D:11     | Killed an eight-headed hydra
 13084 | D:11     | Annihilated by a titanic slime creature

Skill      XL: |  1  2  3  4  5  6  7  8  9 10 11 |
---------------+----------------------------------+-----
Fighting       | 4 5 7 9 11 13 15 17 19 | 19.8
Axes           | |  2.4
Armour         | |  3.0
Shields        | |  3.0

Action                   |  1- 3 |  4- 6 |  7- 9 | 10-12 || total
-------------------------+-------+-------+-------+-------++-------
Melee: War axe           |   166 |   155 |   272 |   383 ||   976
Invok: Sacrifice Resista |       |       |     1 |       ||     1
       Sacrifice Skill   |       |       |       |     1 ||     1
       Power Leap        |       |       |       |     3 ||     3
       Draw Out Power    |       |       |       |     2 ||     2
Evoke: Wand              |       |       |     3 |    28 ||    31
  Use: Scroll            |       |    11 |     6 |     9 ||    26
       Potion            |       |       |     1 |     8 ||     9
 Stab: Invisible         |       |       |       |     4 ||     4
       Confused          |       |       |       |     1 ||     1
  Eat: Chunk             |     2 |     5 |    11 |    12 ||    30
       Ration            |       |       |     1 |     2 ||     3
Armor: Scale mail        |    59 |       |       |       ||    59
       Plate armour      |     1 |    81 |   124 |   203 ||   409
       Skin              |       |       |       |    28 ||    28
Dodge: Dodged            |    51 |     5 |     9 |    34 ||    99
Block: Shield            |    35 |       |       |       ||    35
       Large shield      |    70 |   141 |   230 |   429 ||   870
